[Event "Reykjavik Open 2024"]
[Site "Reykjavik"]
[Date "2024.03.19"]
[Round "7.22"]
[White "Pujari, Rucha"]
[Black "Wadsworth, Matthew J"]
[Result "0-1"]
[ECO "E18"]
[WhiteElo "2147"]
[BlackElo "2450"]
[Annotator "TA"]
[PlyCount "108"]
[EventDate "2024.03.12"]
[EventCountry "ISL"]
[SourceTitle "playchess.com"]
[Source "ChessBase"]
[SourceQuality "1"]
[TimeControl "40/5400+30:1800+30"]

1. d4 Nf6 2. c4 e6 3. Nf3 b6 4. g3 Bb7 5. Bg2 Be7 6. O-O O-O 7. Nc3 Ne4 8. Bd2 Bf6 9. h4 h6 10. Ne5 Nxc3 11. Bxc3 {[%emt 0:00:41] Weiß hat minimalen Vorteil.} Bxg2 12. Kxg2 d6 13. Ng4 Be7 14. e4 f5 (14... Nd7 $14) 15. exf5 $16 exf5 16. Qf3 c6 17. Ne3 f4 18. gxf4 Bxh4 (18... d5 $16) 19. Qg4 $1 $18 h5 20. Qe6+ (20. Qxh5 $6 Rxf4 21. d5 Qg5+ 22. Qxg5 Bxg5 $16) 20... Kh7 (20... Rf7 {war nötig.} 21. d5 Qd7) 21. Qe4+ g6 22. Rh1 ({Besser ist} 22. f5 $18 gxf5 23. Nxf5 Qg5+ 24. Ng3+ Kg8 25. Rae1) 22... Nd7 (22... Qe7 $16 {war einen Versuch wert.} 23. Qf3 d5) 23. f5 $4 {[%emt 0:09:01][%mdl 8192] [#]} (23. Qxc6 Rxf4 24. Rxh4 Rxh4 25. Qxd6 Qg5+ 26. Qg3 Qxg3+ 27. Kxg3 Re4 $17) (23. Rh3 $18 {[%cal Oa1h1] und Weiss kann entspannen. Rah1! ist eine echte Drohung.} Qe7 24. Qxc6) 23... Qg5+ $1 $19 {[%emt 0:01:27] Ab hier gerät Weiß ins Schliddern.} 24. Kf1 {[%emt 0:09:58] [#]} Bxf2 25. Kxf2 Rae8 (25... gxf5 $2 26. Qg2 (26. Qxc6 Nf6 $18) 26... Nf6 27. Qxg5 $18) 26. Qf3 {[%emt 0:01:19][%cal Oa1g1] [#]} (26. Qxc6 {wird mattgesetzt.} Qxe3+ 27. Kg2 Qg5+ 28. Kf2 Qxf5+ (28... Rxf5+ 29. Qf3 Qe3+ 30. Kg2 Qxf3+ 31. Kh2 Qf2+ 32. Kh3 Rf3#) 29. Kg3 Qf2+ 30. Kh3 Re3+) 26... Rxe3 $1 27. Qxe3 Rxf5+ 28. Ke2 Qg2+ 29. Kd3 Rf3 30. Rag1 Qf2 ({Finger weg von} 30... Rxe3+ 31. Kxe3 Qc2 32. Rf1 $19) 31. Qxf3 Qxf3+ 32. Kc2 d5 33. cxd5 cxd5 34. Rf1 Qg2+ ({Jedoch nicht} 34... Qe4+ 35. Kb3 $19) 35. Kb3 {[%emt 0:00:52] [#]} Nf6 $1 36. Rhg1 Qh2 37. Rh1 Qd6 38. Bb4 Qe6 39. Rc1 Qd7 {[%emt 0:03:41] Es drohte Rc7} 40. Rh2 $2 (40. a3) 40... a5 {[%emt 0:02:38] Schwarz steht klar auf Gewinn.} 41. Bc3 a4+ 42. Kc2 Qf5+ 43. Kd1 Ng4 44. Re2 Nf2+ 45. Kd2 Ne4+ 46. Kd1 Qf3 {[%emt 0:00:58] Droht stark ...Ng3.} 47. Be1 Qd3+ 48. Bd2 h4 49. Rc7+ Kg8 50. Rc8+ Kf7 51. Ke1 Qg3+ 52. Kd1 Qf3 53. Bb4 Qd3+ 54. Bd2 h3 {[%emt 0:00:30] Gewichteter Fehlerwert: Weiß=0.58/Schwarz=0.16 (sehr präzise) .  Gewinn verpasst:   	Weiß=1     	---        Fehler:       	Weiß=2     	Schwarz=4     Ungenau:       	---       	Schwarz=2     OK:         	Weiß=12    	Schwarz=10    Bester:       	Weiß=3     	Schwarz=3     Stark:        	---       	Schwarz=1     Brilliant:      	---       	Schwarz=2} 0-1

[Event "Reykjavik Open 2024"]
[Site "Reykjavik"]
[Date "2024.03.19"]
[Round "7.23"]
[White "Mammadzada, Gunay"]
[Black "Mannion, Stephen R"]
[Result "1-0"]
[ECO "C79"]
[WhiteElo "2449"]
[BlackElo "2166"]
[Annotator "RC"]
[PlyCount "135"]
[EventDate "2024.03.12"]
[EventCountry "ISL"]
[SourceTitle "playchess.com"]
[Source "ChessBase"]
[SourceQuality "1"]
[TimeControl "40/5400+30:1800+30"]

1. e4 e5 2. Nf3 Nc6 3. Bb5 a6 4. Ba4 Nf6 5. O-O d6 6. c3 Bd7 7. d4 g6 8. Bg5 Bg7 9. d5 Ne7 10. Bxf6 Bxf6 11. Bxd7+ Qxd7 12. c4 O-O 13. Nc3 a5 14. Qa4 Qd8 15. a3 Bg7 16. b4 axb4 17. Qxb4 b6 18. a4 Ra5 19. Nb5 Qd7 20. Nd2 f5 21. Nb3 Raa8 22. f3 fxe4 23. fxe4 Bh6 24. Rxf8+ Rxf8 25. Qe1 c6 26. dxc6 Qxc6 27. Qe2 Kg7 28. h3 Bf4 29. Rd1 Rf6 30. Qd3 Nc8 31. g3 Bh6 32. Kg2 Qd7 33. Na1 Qf7 34. Qe2 Qd7 35. Nc2 Ne7 36. Qd3 Qc6 37. Rf1 Rxf1 38. Kxf1 Nc8 39. Nb4 Qc5 40. Nd5 Qc6 41. Kg2 Bg5 42. Ndc7 Be7 43. Qd5 Qxd5 44. cxd5 Kf7 45. Ne6 Bf6 46. h4 h5 47. Na3 Bg7 48. Nc4 Bh6 49. Nc7 Ke7 50. Na8 Bc1 51. Kf3 Kd8 52. g4 Kd7 53. Naxb6+ Nxb6 54. Nxb6+ Kc7 55. Nc4 Bh6 56. Kg3 Bf8 57. Kh3 Bh6 58. Kg2 Kd7 59. a5 Kc7 60. Kh3 Bf8 61. gxh5 gxh5 62. Ne3 Kb7 63. Nf5 Ka6 64. Ng3 Kxa5 65. Nxh5 Kb5 66. Kg4 Kc4 67. Kf5 Kd3 68. Nf6 1-0

[Event "Reykjavik Open 2024"]
[Site "Reykjavik"]
[Date "2024.03.19"]
[Round "7.24"]
[White "Birkisson, Bjorn Holm"]
[Black "Chasin, Nico"]
[Result "0-1"]
[ECO "A28"]
[WhiteElo "2140"]
[BlackElo "2447"]
[Annotator "TA"]
[PlyCount "68"]
[EventDate "2024.03.12"]
[EventCountry "ISL"]
[SourceTitle "playchess.com"]
[Source "ChessBase"]
[SourceQuality "1"]
[TimeControl "40/5400+30:1800+30"]

1. c4 e5 2. Nc3 Nf6 3. Nf3 Nc6 4. e3 Bb4 5. Qc2 Bxc3 6. Qxc3 Qe7 7. a3 a5 {[%emt 0:00:19] [#]} 8. b4 $1 {[%emt 0:00:00][%cal Bb2b4,Bb4b5][%mdl 32] aiming for b5.} d6 (8... e4 9. Nd4) 9. b5 Nb8 10. d4 {[%emt 0:07:10] White has an edge.} Nbd7 11. dxe5 dxe5 12. a4 Ne4 13. Qa3 Nec5 14. Bb2 (14. Qc3 $11) 14... f6 $17 15. Qc3 {[%emt 0:09:33] [#]} (15. Be2 $142) 15... e4 (15... Ne4 $1 $17 16. Qc2 Qb4+ 17. Nd2 Ndc5) 16. Nd4 $11 Nb6 {[%emt 0:09:33] Excellent horsemanship.} 17. Qc2 Bg4 18. Ba3 {[%emt 0:06:18] Bxc5 is the strong threat.} O-O 19. h3 Bh5 20. Ne6 Qxe6 21. Bxc5 Rfd8 22. Rc1 Rac8 23. Be2 (23. Bd4 $11) 23... Bxe2 24. Kxe2 Nd7 25. Bd4 c6 26. Qb1 (26. c5 $11) 26... c5 $17 27. Ba1 Nb6 28. Qa2 Rd3 $36 {[%emt 0:00:40][%mdl 2048] Black has some pressure. Black is more active.} 29. Rhd1 $2 {[%emt 0:00:04] White does not recover from this.} (29. Bc3 $1 $15) 29... Rcd8 $19 30. Rxd3 (30. Bc3 {was worth a try.} Nxc4 (30... Qxc4 31. Qxc4+ Nxc4 32. Rxd3 $15) 31. Bd4 Rxd1 32. Qxc4 Qxc4+ 33. Rxc4) 30... exd3+ ({Not} 30... Rxd3 31. Bc3 $11) 31. Kd2 $2 (31. Kf1 Nxc4 (31... d2 $2 32. Rd1 $19) 32. Kg1 (32. Qxc4 $2 {too greedy.} Qxc4 33. Rxc4 d2 $19)) 31... Qe4 {[%emt 0:00:01] Black is clearly winning.} 32. f3 Qh4 {[%emt 0:00:01] ( -> ...Qf2+)} 33. Kc3 d2 34. Rd1 Qe1 {[%emt 0:01:11] Weighted Error Value: White=0.70/Black=0.16 (very precise) .  Loses game:     	White=1     	---        Mistake:       	White=6     	Black=1      Inaccurate:     	White=1     	Black=3      OK:         	White=6     	Black=9      Best:        	White=2     	Black=2} 0-1

[Event "Reykjavik Open 2024"]
[Site "Reykjavik"]
[Date "2024.03.19"]
[Round "7.25"]
[White "Stanford, Sheila Barth"]
[Black "Injac, Teodora"]
[Result "0-1"]
[ECO "D00"]
[WhiteElo "2123"]
[BlackElo "2434"]
[Annotator "TA"]
[PlyCount "52"]
[EventDate "2024.03.12"]
[EventCountry "ISL"]
[SourceTitle "playchess.com"]
[Source "ChessBase"]
[SourceQuality "1"]
[TimeControl "40/5400+30:1800+30"]

1. d4 Nf6 2. Bg5 d5 3. Bxf6 exf6 4. e3 c6 5. g3 h5 6. h4 Bd6 7. Bg2 Bg4 8. Qd3 {[%emt 0:01:25] The position is equal.} O-O 9. Ne2 Re8 10. Nd2 a5 11. c4 dxc4 12. Nxc4 Bb4+ {[%emt 0:02:14] This pair of bishops is nice.} 13. Nc3 Nd7 14. O-O a4 15. a3 Bf8 16. f3 (16. Nd2 $11 {keeps the balance.}) 16... Be6 $17 {[%emt 0:02:50] Strongly threatening ...Bxc4.} 17. Rad1 (17. Ne4 $142) 17... Bxc4 18. Qxc4 Rxe3 {[%emt 0:00:05] Threatens to win with ...Nb6.} 19. Nxa4 {[%emt 0:07:50] [#]} (19. Rfe1 $17 Rxe1+ 20. Rxe1) 19... Bd6 $1 $19 20. Kh2 f5 21. f4 Nf6 22. Nc5 Ng4+ 23. Kh3 Qe7 {[%emt 0:03:39][%cal Oe3g3] ( -> ...Rxg3+!)} 24. Bf3 (24. Qc2 $142) 24... Re8 25. Rd2 {[%emt 0:00:39] [#] Dodges Re2} (25. Qc2) 25... Rxf3 $1 26. Rxf3 (26. Qc1 Qe3) 26... Qe1 {[%emt 0:00:08] Weighted Error Value: White=0.71/Black=0.13 (very precise) .  Mistake:       	White=5     	---        Inaccurate:     	White=1     	Black=1      OK:         	White=4     	Black=10     Best:        	White=2     	Black=1      Strong:       	---       	Black=1      Brilliant:      	---       	Black=1} 0-1

[Event "Reykjavik Open 2024"]
[Site "Reykjavik"]
[Date "2024.03.19"]
[Round "7.26"]
[White "Li, Harry"]
[Black "Haldorsen, Benjamin"]
[Result "1-0"]
[ECO "B12"]
[WhiteElo "2107"]
[BlackElo "2426"]
[Annotator "TA"]
[PlyCount "77"]
[EventDate "2024.03.12"]
[EventCountry "ISL"]
[SourceTitle "playchess.com"]
[Source "ChessBase"]
[SourceQuality "1"]
[TimeControl "40/5400+30:1800+30"]

1. e4 c6 2. d4 d5 3. e5 Bf5 4. Nf3 e6 5. Be2 Nd7 6. O-O a5 7. a4 f6 8. c4 fxe5 {[%emt 0:15:28] The position is equal.} 9. Nxe5 Nxe5 10. dxe5 Bc5 11. cxd5 exd5 12. Bd3 Bxd3 13. Qxd3 Ne7 14. Nd2 O-O 15. Nf3 (15. Nb3 $1 $11 Bb4 16. Bg5) 15... Ng6 $17 16. Be3 Qb6 ({Better is} 16... Bxe3 $17 17. Qxe3 Qe7) 17. Bxc5 $11 Qxc5 18. Ng5 Rfe8 19. Rae1 Nf8 20. Qf5 (20. Kh1 $1 $14) 20... h6 (20... Re7 $1 $15) 21. Qf7+ Kh8 22. Qh5 {[%emt 0:00:59] Nf7+ would now be deadly.} Re7 23. Nf7+ Kg8 (23... Kh7 $1 $11 {keeps the balance.}) 24. Nd6 $16 Rd8 25. Kh1 $36 {[%emt 0:10:57][%mdl 2048] Black is under strong pressure.} d4 {[%emt 0:02:00] [#]} 26. Nf5 {[%emt 0:01:33] White is more active.} (26. Qh4 $142 $1 Ng6 27. Qg3 (27. Nxb7 Qc2 $17) 27... Rxe5 (27... Nxe5 $2 28. Nf5 $18) 28. Ne4 (28. Nxb7 $2 Rxe1 29. Qb3+ Qd5 $19) 28... Rxe4 29. Rxe4) 26... Re6 27. f4 {[%emt 0:02:46][%cal Of5g7] And now Nxg7! would win.} Qb4 $2 {[%emt 0:01:53][%mdl 8192] [#] Black cannot hold the game after this.} (27... Rd7 $14) 28. Nxg7 $1 $18 Rg6 (28... Kxg7 29. f5) 29. Nf5 Kh7 30. Nh4 Rg7 31. f5 $2 (31. e6 {Black must now prevent Nf5.} Rd5 32. Nf5 Rxf5 33. Qxf5+ Kg8 34. Qe5) 31... d3 32. f6 Rg5 (32... Qg4 33. Qf5+ (33. fxg7 Qxh5 34. Rxf8 Kxg7 $16) 33... Qxf5 34. Nxf5 Rgd7) 33. Qf7+ {[%emt 0:00:00] White is clearly winning.} Kh8 {[%emt 0:00:05] [#]} 34. e6 $1 {[%emt 0:05:36] Intending e7 and mate.} d2 35. Rd1 {[%emt 0:00:07] White threatens e7 and mate.} Qxh4 36. e7 (36. Qxb7 $2 {is the wrong capture.} Qe4 (36... Qxa4 $2 37. e7 $18) (36... Nxe6 37. Qxc6 Qg4 38. Rg1 $19) 37. Rg1 Nxe6 $19 (37... Qxe6 $2 38. Qe7 $19)) 36... Rxg2 37. exf8=Q+ (37. exd8=B $2 Qxh2#) 37... Rxf8 38. Qxf8+ Rg8 39. Qa3 {[%emt 0:02:00] Weighted Error Value: White=0.39/Black=0.51.  Loses game:     	---       	Black=1      Mistake:       	White=3     	Black=4      Inaccurate:     	White=1     	Black=2      OK:         	White=6     	Black=8      Best:        	White=3     	Black=1      Brilliant:      	White=1     	---} 1-0

[Event "Reykjavik Open 2024"]
[Site "Reykjavik"]
[Date "2024.03.19"]
[Round "7.27"]
[White "Sivanandan, Bodhana"]
[Black "Fantinel, Thibault"]
[Result "0-1"]
[ECO "B23"]
[WhiteElo "2088"]
[BlackElo "2421"]
[Annotator "TA"]
[PlyCount "152"]
[EventDate "2024.03.12"]
[EventCountry "ISL"]
[SourceTitle "playchess.com"]
[Source "ChessBase"]
[SourceQuality "1"]
[TimeControl "40/5400+30:1800+30"]

1. e4 c5 2. Nc3 Nc6 3. f4 g6 4. Nf3 Bg7 5. a4 b6 6. Bc4 {[%emt 0:01:17] B23: Sizilianisch (Geschlossenes System).} e6 7. O-O Nge7 8. d3 d5 9. Ba2 $146 ({Predecessor:} 9. Bb5 O-O 10. Qe1 Nd4 11. Nxd4 cxd4 12. Ne2 a6 13. Bxa6 Bxa6 14. e5 Nc6 15. Qf2 {0-1 McCrea,R (1538)-Daggupati,B (2501) Texas Collegiate Finals 2023 (1.4)}) 9... O-O 10. e5 Bb7 11. Ne2 d4 12. Ng3 Nb4 13. Bc4 a6 14. Bd2 Nbd5 15. Ng5 Qd7 16. N5e4 Qc6 17. Qe2 b5 18. Bxd5 Nxd5 19. axb5 axb5 20. Nd6 Rxa1 21. Rxa1 Ra8 22. Rxa8+ Bxa8 23. Nde4 Bf8 24. b3 Be7 25. Qf1 Qa6 26. Qb1 Kg7 27. h3 b4 28. Qd1 Bb7 29. Kh2 Qa2 30. Ng5 h6 31. N5e4 Nc3 32. Bxc3 bxc3 33. Ne2 $2 (33. Nf6 $11 {und Weiss muss sich keine Sorgen machen.}) 33... Bd5 (33... Qa8 $1 $19 34. N2g3 Bc6) 34. Kg1 (34. Kg3 $17 {ist wohl besser.}) 34... Qb2 $2 (34... Qa8 $1 $19 35. N2g3 h5) 35. Kf2 Kf8 36. Qc1 ({Günstiger ist} 36. g3) 36... Ke8 37. Qd1 Kd7 38. Nf6+ (38. Kg1 $17) 38... Bxf6 $19 39. exf6 Kc6 40. g4 (40. g3 $142) 40... Kb5 $19 41. h4 $2 (41. g5 hxg5 42. fxg5) 41... Kb4 $19 42. h5 gxh5 43. g5 hxg5 44. fxg5 e5 $1 45. Kg3 Qa2 46. Kh4 (46. g6 $142 fxg6 47. Kh4) 46... Qa6 $19 (46... Bf3 47. g6 fxg6 48. Nxc3 dxc3 (48... Kxc3 49. Qxf3 Qa5 50. f7 $18) 49. Qxf3 Qxc2 50. f7 Qh2+ (50... Kxb3 $2 51. f8=Q $18) 51. Kg5 $19) 47. Ng3 Qe6 48. Nxh5 $2 (48. Qxh5 e4 49. dxe4 Bxe4 50. Qe2) 48... Bc6 49. Ng7 Qd6 (49... Qd5 $142 50. g6 e4 (50... fxg6 51. Qf1 $19)) 50. Nf5 $19 Qd8 $2 (50... Qc7 $19 {Weiss muss nun ...e4 beachten.} 51. Ne7 e4) 51. Qa1 $2 (51. Ne7 $11 Qh8+ 52. Kg3) 51... Qd7 $2 (51... Qh8+ $19 52. Nh6 e4 53. dxe4 Qh7) 52. Ne7 $1 $11 Bg2 53. Kg3 Bh3 $2 {[%emt 0:01:03][%mdl 8192] [#]} (53... Qh3+ $11 54. Kf2 Kb5 (54... Qf3+ 55. Kg1 $11) 55. Qa4+ Kb6) 54. Qa4+ $4 (54. Nd5+ $1 {[%mdl 512] setzt Matt} Qxd5 55. Qa4#) 54... Qxa4 $19 55. bxa4 {[%emt 0:00:04] [#]} Be6 $1 56. Nc6+ $2 (56. g6 fxg6 (56... Kxa4 $2 {ist das falsche Schlagen.} 57. g7 $18) 57. a5 (57. Nxg6 $2 Kxa4 58. Nxe5 Ka3 $19) 57... Kxa5 58. Nxg6) 56... Kxa4 $19 57. Nxe5 {[%emt 0:01:17] [#]} (57. Kf3 $142 Ka3 (57... Bd5+ 58. Ke2 $19) 58. Ke4) 57... Ka3 $1 $19 58. Nf3 Kb2 59. Ne1 Kc1 60. Kf2 Kd2 61. Kf1 Bf5 62. Kf2 Be6 (62... Bg6 $19 63. Kf1 c4 64. dxc4 Bxc2) 63. Kf1 Kd1 64. Kf2 c4 65. Kf1 cxd3 66. cxd3 c2 67. Nxc2 Kxc2 68. Ke2 Bf5 69. Kf3 Kxd3 70. Kf4 Bg6 71. Ke5 Ke3 72. Kd6 d3 73. Ke7 d2 74. Kf8 d1=Q 75. Kg7 Qd8 76. Kh6 Qh8# 0-1

[Event "Reykjavik Open 2024"]
[Site "Reykjavik"]
[Date "2024.03.19"]
[Round "7.28"]
[White "Ptacnikova, Lenka"]
[Black "Katz, Alexander"]
[Result "0-1"]
[ECO "D00"]
[WhiteElo "2067"]
[BlackElo "2418"]
[Annotator "TA"]
[PlyCount "114"]
[EventDate "2024.03.12"]
[EventCountry "ISL"]
[SourceTitle "playchess.com"]
[Source "ChessBase"]
[SourceQuality "1"]
[TimeControl "40/5400+30:1800+30"]

1. d4 Nf6 2. Nc3 d5 3. Bf4 g6 4. e3 Nh5 5. Bg5 c6 6. Be2 h6 7. Bh4 Ng7 8. f3 {[%emt 0:02:40] The position is equal.} Qb6 9. Na4 Qa5+ 10. c3 {[%emt 0:01:10] [#]} e5 $1 11. b4 (11. e4 Nd7) 11... Qc7 12. Nc5 (12. Qd2 $15 {is superior.}) 12... b6 13. Nd3 e4 14. fxe4 dxe4 15. Nf2 f5 16. Bg3 {[%emt 0:04:00] Prevents g5} Bd6 17. Bxd6 Qxd6 18. Bc4 Na6 19. Bb3 Nc7 20. Ne2 a5 21. bxa5 Rxa5 22. O-O Be6 23. Nf4 {[%emt 0:01:05] And now Bxe6 would win.} Bxb3 24. Qxb3 g5 (24... Rb5 $11 25. Qc2 O-O) 25. Ne2 (25. Qxb6 $2 Rb5 26. Qa7 gxf4 $19) (25. Nxe4 $1 $16 fxe4 26. Ng6 Qxg6 27. Qxb6) 25... Nd5 26. a4 (26. c4 Ra3 27. Qb2 Qb4 (27... Nxe3 $2 28. c5 $18) 28. Qxb4 Nxb4 $17) 26... Nxe3 27. Rfb1 (27. Nxe4 Qe6 $15) (27. Qxb6 $14 Qd5 28. c4 Nxc4 (28... Qxc4 $2 29. Qxa5 O-O 30. Rac1 $18) 29. Qb4) 27... Qd5 $1 $17 {[%emt 0:06:34] Black is much more active.} 28. Qxb6 O-O 29. Qc7 Ne6 30. Qe7 {[%emt 0:00:24] [#]} Rf7 $1 $36 {[%emt 0:03:40][%mdl 2048] Black has strong initiative.} 31. Qe8+ Nf8 {[%emt 0:00:56] Hoping for ...Nc2.} 32. Rb6 Nc4 (32... Nxg2 $17 {...e3 is the strong threat.} 33. Kxg2 e3+ 34. Ne4 Qxe4+ (34... fxe4 35. Ng3 $15) 35. Qxe4 fxe4) 33. Rxc6 $14 Nd6 34. Qd8 (34. c4 $1 $14 {stays ahead.} Nxc4 35. Rxh6) 34... Rxa4 $17 ({Much worse is} 34... Qxc6 $6 35. Qxa5 Nd7 36. h4 $11) 35. Rxa4 Qxc6 36. Ra8 (36. Ra1 $17 {was worth a try.}) 36... Nb7 (36... Nc4 $19 {Strongly threatening ...e3.} 37. h4 e3) 37. Qc8 {[%emt 0:01:52] [#] Now White is beyond hope.} (37. Qe8 $17 Qxe8 38. Rxe8) 37... Qb5 $1 $19 38. Ng3 e3 39. Qe6 Qb1+ (39... exf2+ 40. Kxf2 Qb2+ 41. Kf1 $19) 40. Nf1 exf2+ 41. Kxf2 f4 42. Qxh6 Qf5 43. Qc6 $2 (43. Nd2 {keeps fighting.}) 43... g4 44. Qc8 Qg6 {[%emt 0:00:00] Threatens to win with ...Nd6.} 45. h3 g3+ 46. Kg1 Nd6 47. Qc6 {[%emt 0:00:00] [#]} Qc2 $1 48. Qf3 {[%emt 0:00:00][%cal Of1g3] Inhibits Qf2+.} Qe4 49. Qxe4 Nxe4 50. c4 Rd7 51. d5 Rc7 52. c5 Rxc5 53. Ra4 Nc3 54. Ra1 Rxd5 {[%emt 0:00:00] ( -> ...Ne6)} 55. Kh1 Ne6 {[%emt 0:00:00] Black mates.} 56. Nh2 gxh2 57. Kxh2 Rd2 {[%emt 0:00:00] Weighted Error Value: White=0.68/Black=0.21 (precise) .  Mistake:       	White=7     	Black=3      Inaccurate:     	White=2     	Black=3      OK:         	White=13    	Black=20     Best:        	White=9     	Black=4      Strong:       	---       	Black=3} 0-1

[Event "Reykjavik Open 2024"]
[Site "Reykjavik"]
[Date "2024.03.19"]
[Round "7.29"]
[White "Halldorsson, Bragi"]
[Black "Garifullina, Leya"]
[Result "0-1"]
[ECO "D35"]
[WhiteElo "2056"]
[BlackElo "2413"]
[Annotator "TA"]
[PlyCount "58"]
[EventDate "2024.03.12"]
[EventCountry "ISL"]
[SourceTitle "playchess.com"]
[Source "ChessBase"]
[SourceQuality "1"]
[TimeControl "40/5400+30:1800+30"]

1. d4 Nf6 2. c4 e6 3. Nf3 d5 4. Nc3 Bb4 5. cxd5 exd5 6. Bg5 h6 7. Bh4 O-O 8. e3 Bf5 9. Bd3 Bxd3 10. Qxd3 c6 11. O-O Nbd7 12. Ne5 Qe8 13. Nxd7 Nxd7 14. f3 {[%emt 0:00:14] Die Stellung ist ausgeglichen.} f5 15. a3 Bd6 16. e4 (16. Ne2 $11) 16... Qh5 $17 {[%emt 0:04:49] [#] Droht ...fxe4 und aus.} 17. Bg3 Bxg3 18. hxg3 fxe4 19. fxe4 Nf6 {[%emt 0:05:26] Und ...Ng4 würde nun gewinnen.} 20. Rf5 dxe4 21. Qc4+ Qf7 22. Qc5 (22. Qxf7+ $17 Rxf7 23. d5) 22... Qg6 $19 23. Ne2 (23. Raf1 $142 Qxg3 24. Qc4+ Kh7 25. Nxe4 Qe3+ 26. Nf2) 23... Nd5 24. Rxf8+ {[%emt 0:01:35] [#]} (24. Rff1) 24... Rxf8 25. Rf1 {[%emt 0:00:12] Pariert e3. Weiss ist schwach auf den weissen Feldern} (25. Qc2 $142 Rf2 26. Nf4 Rxc2 27. Nxg6) 25... Rxf1+ 26. Kxf1 e3 27. Kg1 Qd3 28. Nf4 Nxf4 29. gxf4 Qb1+ {[%emt 0:00:09] Schwarz nahm nach der Eröffnung die Zügel in die Hand.   Gewichteter Fehlerwert: Weiß=0.80/Schwarz=0.00 (makellos) .  Fehler:       	Weiß=5     	---        OK:         	Weiß=1     	Schwarz=7     Bester:       	Weiß=2     	Schwarz=5} (29... Qd1+ $142 30. Kh2 e2 31. Qc4+ Kh7) 0-1

[Event "Reykjavik Open 2024"]
[Site "Reykjavik"]
[Date "2024.03.19"]
[Round "7.30"]
[White "Jin, Yueheng"]
[Black "Harish, Neeraj"]
[Result "1/2-1/2"]
[ECO "D72"]
[WhiteElo "2404"]
[BlackElo "2090"]
[Annotator "TA"]
[PlyCount "89"]
[EventDate "2024.03.12"]
[EventCountry "ISL"]
[SourceTitle "playchess.com"]
[Source "ChessBase"]
[SourceQuality "1"]
[TimeControl "40/5400+30:1800+30"]

1. d4 Nf6 2. c4 g6 3. g3 Bg7 4. Bg2 d5 5. cxd5 Nxd5 6. e4 Nb6 7. Ne2 c5 8. d5 O-O 9. O-O e6 10. Nec3 Na6 11. Bf4 exd5 12. exd5 h5 13. h4 (13. Na3 $14) 13... Bg4 $15 14. Qc1 Nb4 15. Bg5 (15. Na3 $15 {should be considered.}) 15... Qd7 $17 16. Nd2 N6xd5 (16... N4xd5 $6 17. Nxd5 Nxd5 18. Qxc5 $11) ({Black should play} 16... Rac8 $1 $17 17. d6 Nd3 (17... Qxd6 18. Nde4 $15)) 17. Nxd5 $11 Nxd5 18. Qxc5 Nc7 19. Ne4 Ne6 $1 (19... Bxb2 $6 20. Nf6+ Bxf6 21. Bxf6 $16) 20. Qb4 Nxg5 21. hxg5 Qf5 (21... a5 $15 22. Qa3 Rfe8) 22. Qxb7 Rab8 23. Qxa7 Rxb2 24. a4 h4 25. gxh4 Bh3 {[%emt 0:03:19] This pair of bishops is nice.} 26. Ng3 Qg4 27. Ra3 Bxg2 28. Kxg2 Qxh4 29. Qe3 Rb4 30. a5 {[%emt 0:00:46][%cal Ba4a5,Ba5a6][%mdl 32] a6 would now be deadly.} Ra4 31. a6 {[%emt 0:16:07] Black must now prevent Rd1.} Ra8 32. Rb1 {[%emt 0:02:25] [#] Threatens to win with a7.} Bf8 (32... Rxa3 $1 $11 {keeps the balance.} 33. Qxa3 Qc4) 33. Rxa4 Qxa4 34. Ne4 {[%emt 0:00:33] Threatening mate with Nf6+. White is more active.} Bg7 {[%emt 0:04:39] [#]} (34... Rxa6 $16 35. Nf6+ Rxf6 36. gxf6 Qg4+ 37. Kf1 Qc4+ 38. Kg1 Qg4+ 39. Qg3 Qf5) 35. Qf3 $2 (35. Rb6 $1 $18 {And now Qf4 would win.} Re8 36. a7 Rxe4 (36... Bd4 $2 37. Nf6+ Bxf6 38. Qxe8+ Qxe8 39. Rb8 $18) 37. Rb8+ Bf8 38. a8=Q (38. a8=R Qxa8 39. Rxa8 Rxe3 $18) 38... Qxa8 39. Rxa8 Rxe3 40. fxe3) 35... Qxa6 {[%emt 0:01:39] The position is equal.} 36. Rb7 Rf8 (36... Qxb7 $2 {perishes.} 37. Nf6+ Bxf6 38. Qxb7 Bxg5 39. Qxa8+ $18) 37. Nf6+ Bxf6 38. gxf6 {[%emt 0:00:04][%mdl 4096] Endgame. KQR-KQR} Qa5 39. Rb3 Qg5+ 40. Kh2 Qe5+ (40... Re8 {looks sharper.} 41. Rb4 Re6 42. Rb8+ Kh7) 41. Kg2 Qg5+ 42. Kh2 Rd8 43. Qc6 Qh4+ 44. Kg2 Qg5+ 45. Kh2 {[%emt 0:00:00] Weighted Error Value: White=0.16 (very precise) /Black=0.14 (very precise) .  Missed win:     	White=1     	---        Mistake:       	White=2     	Black=4      Inaccurate:     	White=2     	Black=1      OK:         	White=10    	Black=6      Best:        	White=3     	Black=4      Strong:       	---       	Black=1} 1/2-1/2